 Dungeon Crawl Stone Soup version 0.29.1-13-g9f3cf754e1 (webtiles) character file.

Game seed: 1538470389490507707

1650 Thatpatchoflichen the Blocker (level 9, 0/90 (94) HPs)
             Began as an Ogre Fighter on Jan 31, 2023.
             Was a Believer of Okawaru.
             Slain by a killer bee (1 damage)
             ... on level 7 of the Dungeon.
             The game lasted 00:22:09 (9627 turns).

Thatpatchoflichen the Blocker (Ogre Fighter)        Turns: 9627, Time: 00:22:09

HP:   0/90 (94)     AC:  7    Str: 22    XL:     9   Next: 0%
MP:   9/9           EV: 10    Int:  9    God:    Okawaru [**....]
Gold: 59            SH: 12    Dex: 22    Spells: 8/8 levels left

rFire   . . .      SeeInvis .   J - +8 long sword of Doifru {drain, Dex+4}
rCold   . . .      Faith    .   c - +0 kite shield
rNeg    . . .      Spirit   .   b - +0 robe
rPois   .          Reflect  .   (helmet restricted)
rElec   .          Harm     .   (no cloak)
rCorr   .          Rampage  .   (gloves unavailable)
Will    .....                   (boots unavailable)
Stlth   +.........              (no amulet)
HPRegen 0.25/turn               l - +6 ring of dexterity
MPRegen 0.11/turn               z - +4 ring of protection

@: lethally poisoned (0 -> -8), silenced, lightly drained
A: large, unfitting armour, tough skin 1, beak
a: Renounce Religion


You were on level 7 of the Dungeon.
You worshipped Okawaru.
Okawaru was pleased with you.
You visited 2 branches of the dungeon, and saw 8 of its levels.

You collected 220 gold pieces.
You spent 161 gold pieces at shops.

Inventory:

Hand Weapons
 a - a +0 long sword
 w - a +0 scimitar
 J - the +8 long sword of Doifru (weapon) {drain, Dex+4}
   (You bought it in a shop on level 2 of the Dungeon)

   A truly terrible weapon, it drains the life of any living foe it strikes.
   Dex:       It affects your dexterity (+4).
Missiles
 y - 4 poisoned darts (quivered)
 B - 5 boomerangs
 C - 3 silver boomerangs
Armour
 b - a +0 robe (worn)
 c - a +0 kite shield (worn)
Jewellery
 l - a +6 ring of dexterity (left hand)
 m - a ring of fire
 s - a ring of fire
 z - a +4 ring of protection (right hand)
 G - a ring of fire
 I - a ring of resist corrosion
Scrolls
 e - 6 scrolls of identify
 h - a scroll of enchant weapon {unknown}
 i - a scroll of silence
 j - 2 scrolls of amnesia {unknown}
 k - 3 scrolls of noise
 p - a scroll of poison {unknown}
 q - 3 scrolls of butterflies
 t - a scroll of enchant armour {unknown}
 A - a scroll of teleportation {unknown}
 D - a scroll of magic mapping
 F - 2 scrolls of immolation {unknown}
Potions
 d - 3 potions of might
 f - 3 potions of degeneration
 g - 3 potions of curing
 n - 3 potions of mutation
 o - 2 potions of heal wounds {unknown}
 r - 2 potions of brilliance {unknown}
 u - a potion of berserk rage {unknown}
 v - a potion of attraction {unknown}
 x - 2 potions of invisibility {unknown}
 E - a potion of resistance {unknown}
 H - a potion of lignification {unknown}


   Skills:
 + Level 7.7 Fighting
 * Level 6.0 Long Blades
 * Level 3.0 Dodging
 + Level 8.0 Shields


You had 8 spell levels left.
You didn't know any spells.
Your spell library contained the following spells:

 Spells                   Type           Power      Damage    Failure   Level
 Dazzling Flash           Conj/Hex       0%         N/A       94%         3
 Agony                    Necr           0%         N/A       100%        5
 Silence                  Hex/Air        0%         N/A       100%        5


Dungeon Overview and Level Annotations

Branches:
Dungeon (7/15)             Temple (1/1) D:4

Altars:
Ashenzari
Cheibriados
Dithmenos
Elyvilon
Fedhas
Gozag
Hepliaklqana
Kikubaaqudgha
Makhleb
Nemelex Xobeh
Okawaru
Qazlal
Ru
Sif Muna
Trog
Uskayaw
Vehumet
Wu Jian
Xom
Yredelemnul
Zin
The Shining One

Shops:
D:2 (   D:4 *

Annotations:
D:3 2 transporters


Innate Abilities, Weirdness & Mutations

You are too large for most types of armour.
You have tough skin. (AC +1)
You have a beak for a mouth.


Message History

The killer bee stings you!
You are more poisoned.
The killer bee poisons you! The killer bee barely misses you.
The killer bee stings you.
You are more poisoned.
The killer bee poisons you! You block the killer bee's attack.
The killer bee stings you.
You are more poisoned.
The killer bee poisons you! The killer bee completely misses you.
As you read the scroll labelled GUYHECK YNKA, it crumbles to dust.
You feel aware of your surroundings.
It was a scroll of magic mapping.
* * * LOW HITPOINT WARNING * * *
You feel extremely sick. You block the killer bee's attack.
The killer bee barely misses you.
The killer bee stings you but does no damage.
The killer bee barely misses you. The killer bee stings you.
* * * LOW HITPOINT WARNING * * *
You are more poisoned.
The killer bee poisons you! You block the killer bee's attack.
* * * LOW HITPOINT WARNING * * *
You feel extremely sick. You block the killer bee's attack.
The killer bee stings you.
* * * LOW HITPOINT WARNING * * *
The killer bee stings you but does no damage.
You feel better. You block the killer bee's attack.
The killer bee stings you but does no damage.
You block the killer bee's attack. The killer bee closely misses you.
You block the killer bee's attack. The killer bee stings you.
* * * LOW HITPOINT WARNING * * *
As you read the scroll labelled HOSES TOIR, it crumbles to dust.
A profound silence engulfs you.
It was a scroll of silence.
The killer bee stings you.
* * * LOW HITPOINT WARNING * * *
You are poisoned.
The killer bee poisons you! You block the killer bee's attack.
The killer bee closely misses you. The killer bee misses you.
The killer bee stings you!
* * * LOW HITPOINT WARNING * * *
The killer bee stings you.
You die...

*#.......#**,.....# *,,*
****#####.....####.....# *,,*
*,.##..#......##.......#***,,*
*,.......#......?...#,,**,,,,>
*,.#.............####,,,,,,**,
*,......##..##...#.#...,>,****
*,..........###......#*,,,****
**.....#..####yy....##**,,,*,*
**,....##...#.@yY##.##*,*,,,*,,
*,,....#.......y.##...,,,,,,*,,
**,.,#..>.........#....#**,,,..
***,#..###......##*....,,,,*,.
**#..#####...##......**,,,,#
#..#.#..........**,,,,*,,#
#.......#.##....#....,**,,
#..##.#####**.......##*,,,
###...## *,.........*,,*


You could see an ice beast and 4 killer bees.

Vanquished Creatures
  A black bear (D:4)
  2 sky beasts
  4 ogres
  Blork the orc (D:5)
  A bullfrog (D:6)
  A necrophage (D:6)
  2 scorpions
  5 wights (D:6)
  A killer bee (D:7)
  2 hounds
  2 jellies (D:5)
  An orc priest (D:6)
  3 iguanas
  An orc wizard (D:4)
  8 adders
  4 worms
  A dart slug (D:1)
  17 orcs
  5 bats
  6 endoplasms
  6 giant cockroaches
  4 goblins
  8 hobgoblins
  7 kobolds
  2 quokkas
  4 ball pythons
  3 rats
102 creatures vanquished.

Vanquished Creatures (others)
  A human (D:7)
1 creature vanquished.

Grand Total: 103 creatures vanquished

Notes
Turn   | Place    | Note
-------+----------+-------------------------------------------
     0 | D:1      | Thatpatchoflichen the Ogre Fighter began the quest for the
                  | Orb.
     0 | D:1      | Reached XP level 1. HP: 24/24 MP: 1/1
   167 | D:1      | Reached XP level 2. HP: 10/32 MP: 2/2
  1109 | D:2      | Reached XP level 3. HP: 37/40 MP: 3/3
  2358 | D:2      | Found an opulent altar of Gozag.
  2619 | D:2      | Found Faseixum's Antique Weapon Shoppe.
  2895 | D:3      | Noticed a kobold demonologist
  2906 | D:3      | Found a transporter.
  2915 | D:3      | Found a transporter.
  3145 | D:3      | Found a white marble altar of Elyvilon.
  3151 | D:3      | Found a glowing silver altar of Zin.
  3155 | D:3      | Found a hide-covered altar of Uskayaw.
  3157 | D:3      | Found an opulent altar of Gozag.
  3165 | D:3      | Found a bloodstained altar of Trog.
  3531 | D:3      | Reached XP level 4. HP: 40/49 MP: 4/4
  3619 | D:3      | Found a snail-covered altar of Cheibriados.
  4086 | D:4      | Noticed a black bear
  4205 | D:5      | Entered Level 5 of the Dungeon
  4205 | D:5      | Noticed Blork the orc
  4220 | D:4      | Found Zahi Kyth's Assorted Antiques.
  4235 | D:4      | Noticed a scorpion
  4321 | D:4      | Found an iron altar of Okawaru.
  4336 | D:4      | Became a worshipper of Warmaster Okawaru
  4528 | D:4      | Reached skill level 5 in Fighting
  4877 | D:4      | Found a staircase to the Ecumenical Temple.
  4882 | Temple   | Entered the Ecumenical Temple
  4971 | D:4      | Noticed an ogre
  5139 | D:4      | Noticed a scorpion
  5295 | D:5      | Reached skill level 4 in Shields
  5295 | D:5      | Reached XP level 5. HP: 49/57 MP: 5/5
  5420 | D:5      | Found a shadowy altar of Dithmenos.
  5552 | D:5      | Noticed an ogre
  5566 | D:5      | Killed an ogre
  5567 | D:5      | Reached XP level 6. HP: 18/67 MP: 6/6
  5914 | D:5      | Reached * piety under Okawaru
  6191 | D:5      | Found a glowing golden altar of the Shining One.
  6224 | D:5      | Killed Blork the orc
  6225 | D:5      | Reached skill level 5 in Shields
  6225 | D:5      | Reached XP level 7. HP: 9/75 MP: 7/7
  6226 | D:5      | Gained mutation: You are weak. (Str -2) [potion of
                  | mutation]
  6226 | D:5      | Gained mutation: You have a beak for a mouth. [potion of
                  | mutation]
  6226 | D:5      | Lost mutation: You are weak. (Str -2) [potion of mutation]
  6241 | D:5      | HP: 1/75 [orc/+0 falchion (6)]
  7032 | D:4      | Reached skill level 5 in Long Blades
  7032 | D:4      | Reached skill level 6 in Shields
  7451 | D:6      | Reached XP level 8. HP: 83/83 MP: 8/8
  7632 | D:5      | Reached ** piety under Okawaru
  8002 | D:6      | Reached skill level 7 in Shields
  9262 | D:7      | Found an ancient bone altar of Kikubaaqudgha.
  9290 | D:7      | Reached skill level 8 in Shields
  9467 | D:2      | Bought a transparent long sword for 161 gold pieces
  9467 | D:2      | Identified the +8 long sword of Doifru {drain, Dex+4} (You
                  | bought it in a shop on level 2 of the Dungeon)
  9621 | D:7      | Reached XP level 9. HP: 66/90 MP: 9/9
  9627 | D:7      | HP: 1/90 [killer bee (8)]
  9627 | D:7      | Slain by a killer bee

Illustrated notes

Levels and vault maps discovered:
D:1:      roderic_octagonal_star, layout_basic, hangedman_feature_mirror,
          minivault_19, hangedman_decor_points
D:2:      layout_loops_corners, basic_altar, serial_shops, shop,
          kennysheep_decorative_pillar
D:3:      gammafunk_wand_slinger, layout_loops_corners, slow_altar_2,
          nicolae_overflow_hallway_of_the_gods, serial_park_tiny_pond,
          feat_on_display
D:4:      nicolae_cairo_tiling, layout_basic, kennysheep_okawaru_gauntlet,
          serial_shops, nicolae_inconvenience_store
D:5:      layout_basic, tso_metal_star, grunt_dithmenos_smoke_and_mirrors,
          moated_statue, uniq_blork_the_orc
D:6:      layout_basic, enter_ossuary_1
D:7:      layout_cave_pools, tgw_kikubaaqudgha
Temple:   nicolae_temple_x_marks_the_god

Skill      XL: |  1  2  3  4  5  6  7  8 |
---------------+-------------------------+-----
Long Blades    | 2 3 4 5 6 |  6.0
Dodging        | 3 |  3.0
Fighting       | 5 6 7 |  7.7
Shields        | 4 5 6 8 |  8.0

Action                   |  1- 3 |  4- 6 |  7- 9 || total
-------------------------+-------+-------+-------++-------
Melee: Long sword        |   144 |    34 |     3 ||   181
       Scimitar          |       |    70 |   144 ||   214
       Peck              |       |       |    33 ||    33
  Use: Scroll            |     1 |       |     3 ||     4
       Potion            |       |       |     3 ||     3
 Stab: Sleeping          |     1 |     1 |     1 ||     3
Armor: Robe              |    50 |    19 |    45 ||   114
Dodge: Dodged            |    48 |    38 |    49 ||   135
Block: Kite shield       |    76 |    63 |   101 ||   240
